 Dungeon Crawl Stone Soup version 0.18-a0-1535-g243bd92 (webtiles) character file.

781 Etesian the Cudgeler (level 7, 44/44 HPs)
             Began as a Gargoyle Fighter on Mar 9, 2016.
             Quit the game on level 5 of the Dungeon.
             The game lasted 00:11:18 (4272 turns).

Etesian the Cudgeler (Gargoyle Fighter)             Turns: 4272, Time: 00:11:18

Health: 44/44      AC: 16    Str: 21    XL:     7   Next: 85%
Magic:  7/7        EV:  5    Int: 17    God:
Gold:   381        SH: 10    Dex:  9    Spells: 0 memorised, 6 levels left

rFire  x . .     SeeInvis .     a - +0 flail
rCold  . . .     Gourm    .     v - +1 chain mail of the Harvest {rF- MR- rCorr Int+8}
rNeg   + . .     Faith    .     c - +0 shield
rPois  ∞         Spirit   .     (no helmet)
rElec  +         Dismiss  .     r - +0 cloak
rCorr  +         Reflect  .     (no gloves)
SustAt +         Harm     .     (no boots)
MR     .....                    (no amulet)
Stlth  ..........               (no ring)
                                p - ring of sustain attributes

@: not resistant to hostile enchantments, extremely unstealthy
A: negative energy resistance 1, electricity resistance, unbreathing,
petrification resistance, rot immunity, AC +4
a: no special abilities


You were on level 5 of the Dungeon.
You were very hungry.

You visited 1 branch of the dungeon, and saw 5 of its levels.

You collected 381 gold pieces.

Inventory:

Hand Weapons
 a - a +0 flail (weapon)
Armour
 b - a +0 scale mail
 c - a +0 shield (worn)
 r - a +0 cloak (worn)
 v - the +1 chain mail of the Harvest (worn) {rF- MR- rCorr Int+8}
   (You found it on level 5 of the Dungeon)

   It affects your intelligence (+8).
   It makes you vulnerable to fire.
   It affects your resistance to hostile enchantments.
   It protects you from acid and corrosion.
Jewellery
 p - a ring of sustain attributes (left hand)
Scrolls
 j - a scroll of enchant weapon {unknown}
 n - 4 scrolls of remove curse
 q - a scroll of magic mapping {unknown}
 w - a scroll of immolation {unknown}
Potions
 d - a potion of might
 e - a potion of brilliance {unknown}
 g - a potion of invisibility {unknown}
 i - a potion of ambrosia {unknown}
 k - 2 potions of magic
 l - 2 potions of heal wounds
 m - 2 potions of curing
 o - a potion of berserk rage
 s - a potion of degeneration {unknown}
 u - a potion of flight {unknown}
 x - a potion of lignification
Comestibles
 f - 4 bread rations
 h - a meat ration
 t - a slice of pizza


   Skills:
 + Level 5.2 Fighting
 * Level 5.8 Maces & Flails
 + Level 5.2 Armour
 + Level 5.2 Shields


You had 6 spell levels left.
You didn't know any spells.

Dungeon Overview and Level Annotations

Branches:
Dungeon (5/15)
 Temple: D:4-7

Altars:
Dithmenos
Trog
Xom
Yredelemnul

Annotations:
D:5 Shelf's ghost, novice DsMo


Innate Abilities, Weirdness & Mutations

You are resistant to torment.
Your stone body is resilient (AC +4).
You are immune to poison.
You resist negative energy.
You are resistant to electric shocks.
You can survive without breathing.
You are immune to petrification.
You are immune to rotting.


Message History

There is a stone staircase leading up here.
You climb upwards.
There is a stone staircase leading down here.
You see here a scroll of random uselessness.
You are feeling very hungry.
You can't go down here!
There is a stone staircase leading down here.
You climb downwards.
Level annotation: Shelf's ghost, novice DsMo
Found a warped chain mail.
There is a stone staircase leading up here.
You see here a warped chain mail.
v - a warped chain mail You start removing your armour.
You continue taking off your +0 scale mail. x4
You finish taking off your +0 scale mail.
You start putting on your armour.
You continue putting on your warped chain mail. x5
You finish putting on the +1 chain mail of the Harvest {rF- MR- rCorr Int+8}.
Are you sure you want to abandon this character and quit the game? (Confirm with "yes".)

#.# ####
#..## #
+.@.#.#
#..<..#
###........
#####.### #


There were no monsters in sight!

Vanquished Creatures
  Grinder (D:4)
  2 ogres
  3 hounds (D:4)
  A centaur skeleton (D:4)
  2 orc wizards (D:4)
  An iguana (D:4)
  2 worker ants (D:4)
  9 adders
  A shadow imp (D:4)
  An adder skeleton (D:4)
  4 worms
  3 dart slugs
  3 giant geckos
  4 orcs (D:4)
  A ball python (D:1)
  5 giant cockroaches
  6 goblins
  10 hobgoblins
  5 jackals
  2 quokkas
  8 bats
  5 giant newts
  5 kobolds
  6 rats
90 creatures vanquished.

Notes
Turn   | Place    | Note
--------------------------------------------------------------
     0 | D:1      | Etesian the Gargoyle Fighter began the quest for the Orb.
     0 | D:1      | Reached XP level 1. HP: 14/14 MP: 1/1
   176 | D:1      | Reached XP level 2. HP: 19/19 MP: 2/2
   401 | D:1      | Reached XP level 3. HP: 23/23 MP: 3/3
  1509 | D:3      | Reached XP level 4. HP: 29/29 MP: 4/4
  1973 | D:3      | Reached XP level 5. HP: 30/33 MP: 5/5
  2031 | D:3      | Found a shimmering altar of Xom.
  2312 | D:4      | Noticed an ogre
  2608 | D:4      | Reached XP level 6. HP: 38/38 MP: 6/6
  3003 | D:4      | Reached skill level 5 in Maces & Flails
  3003 | D:4      | Reached XP level 7. HP: 44/44 MP: 7/7
  3061 | D:4      | Found a shadowy altar of Dithmenos.
  3080 | D:4      | Noticed Grinder
  3084 | D:4      | Paralysed by Grinder for 7 turns
  3105 | D:4      | Paralysed by Grinder for 3 turns
  3109 | D:4      | Paralysed by Grinder for 6 turns
  3120 | D:4      | Paralysed by Grinder for 2 turns
  3123 | D:4      | Paralysed by Grinder for 2 turns
  3125 | D:4      | Killed Grinder
  3125 | D:4      | Reached skill level 5 in Fighting
  3125 | D:4      | Reached skill level 5 in Armour
  3125 | D:4      | Reached skill level 5 in Shields
  4144 | D:5      | Entered Level 5 of the Dungeon
  4184 | D:5      | Found a bloodstained altar of Trog.
  4184 | D:5      | Found a basalt altar of Yredelemnul.
  4192 | D:5      | Noticed Shelf's ghost (novice DsMo)
  4261 | D:5      | Got a warped chain mail
  4272 | D:5      | Identified the +1 chain mail of the Harvest {rF- MR- rCorr Int+8} (You found it on level 5 of the Dungeon)
  4272 | D:5      | Quit the game

Vault maps used:
D:1:      onia_arrival_pentagram, minmay_close_crescents
D:3:      xom_butterflies
D:4:      wad_crossroads, nicolae_dithmenos_through_a_glass_darkly, first_bread,
          solitary_fountain, uniq_grinder
D:5:      grunt_temple_overflow_order_and_chaos_2,
          gammafunk_temple_overflow_statue, uniq_duvessa,
          uniq_crazy_yiuf_cottage, uniq_edmund

Skill      XL: |  1  2  3  4  5  6  7 |
---------------+----------------------+-----
Maces & Flails | 3 4 5 |  5.8
Fighting       | 4 5 |  5.2
Armour         | 4 5 |  5.2
Shields        | 4 5 |  5.2

Action                   |  1- 3 |  4- 6 |  7- 9 || total
-------------------------+-------+-------+-------++-------
Melee: Flail             |   174 |   216 |    98 ||   488
  Use: Scroll            |     8 |     1 |     1 ||    10
       Potion            |       |     1 |       ||     1
  Eat: Chunk             |     2 |     5 |       ||     7
       Bread ration      |       |       |     1 ||     1
